 Dungeon Crawl Stone Soup version 0.16.2-2-g470672f (webtiles) character file.

225 CrazyArbalest the Bolt Thrower (level 5, 0/42 HPs)
             Began as a Centaur Hunter on Aug 21, 2015.
             Succumbed to CrazyArbalest's ghost's poison
             ... on level 3 of the Dungeon.
             The game lasted 00:12:46 (3048 turns).

CrazyArbalest the Bolt Thrower (Centaur Hunter)     Turns: 3048, Time: 00:12:47

Health: 0/42       AC:  9    Str: 14    XL:     5   Next: 68%
Magic:  4/4        EV:  9    Int: 10    God:
Gold:   122        SH:  0    Dex: 11    Spells: 0 memorised, 4 levels left

rFire  . . .     SeeInvis .     b - +1 hand crossbow
rCold  . . .     Clarity  .     o - +0 ring mail
rNeg   . . .     SustAb   .     (no shield)
rPois  .         Gourm    .     (no helmet)
rElec  .         Spirit   .     u - +2 cloak
rCorr  .         Warding  .     (no gloves)
rMut   .         Stasis   .     (no barding)
MR     .....                    (no amulet)
Stlth  ..........               (no ring)
                                (no ring)

@: lethally poisoned (0 -> -36), very quick, not resistant to hostile
enchantments, extremely unstealthy
A: hooves 3, deformed body, speed 2, tough skin 3
a: no special abilities


You were on level 3 of the Dungeon.
You were not hungry.

You visited 1 branch of the dungeon, and saw 3 of its levels.

You collected 122 gold pieces.

Inventory:

Hand weapons
 a - a +0 spear of piercing
 b - a +1 hand crossbow (weapon)
 r - a cursed -3 whip
 s - a +0 mace
 y - a +0 flail
Missiles
 c - 13 bolts (quivered)
Armour
 d - a +0 leather armour
 o - a +0 ring mail (worn)
 u - a +2 cloak (worn)
 z - a +0 cloak
Jewellery
 k - a +3 ring of protection {unknown}
Scrolls
 e - 2 scrolls of remove curse {unknown}
 g - 4 scrolls of identify {unknown}
 i - a scroll of blinking {unknown}
 m - a scroll of immolation {unknown}
 n - 2 scrolls of magic mapping {unknown}
 q - a scroll of recharging {unknown}
 w - a scroll of teleportation {unknown}
Potions
 h - 3 potions of curing {unknown}
 j - 2 potions of heal wounds {unknown}
 p - a potion of ambrosia {unknown}
 t - a potion of degeneration {unknown}
 x - a potion of lignification {unknown}
Comestibles
 f - 3 bread rations
 l - 3 meat rations
 v - 3 chunks of flesh


   Skills:
 + Level 2.5 Fighting
   Level 0.1 Short Blades
 + Level 0.1 Polearms
 * Level 6.2 Crossbows
 + Level 1.8 Armour
 + Level 2.1 Dodging
 + Level 0.6 Stealth


You had 4 spell levels left.
You didn't know any spells.

Dungeon Overview and Level Annotations

Branches:
Dungeon (3/15)

Altars:
Ashenzari

Annotations:
D:3 CrazyArbalest's ghost, average CeHu


Innate Abilities, Weirdness & Mutations

You have hooves in place of feet.
Armour fits poorly on your strangely shaped body.
You cover ground very quickly.
You have extremely tough skin (AC +3).


Message History

Wield which item (- for none, * to show all)? (? for menu, Esc to quit)
b - a +1 hand crossbow (weapon)
* * * LOW HITPOINT WARNING * * *
You feel sick.
CrazyArbalest's ghost completely misses you.
Firing (i - inventory):
c - 15 bolts (quivered)
Press: ? - help, Shift-Dir - straight line, f/p - CrazyArbalest's ghost
Aim: CrazyArbalest's ghost, wielding a weapon of venom (severely damaged)
You shoot a bolt. The bolt hits CrazyArbalest's ghost.
CrazyArbalest's ghost is severely damaged.
* * * LOW HITPOINT WARNING * * *
You feel very sick.
CrazyArbalest's ghost barely misses you.
Firing (i - inventory):
c - 14 bolts (quivered)
Press: ? - help, Shift-Dir - straight line, f/p - CrazyArbalest's ghost
Aim: CrazyArbalest's ghost, wielding a weapon of venom (severely damaged)
You shoot a bolt.
The bolt hits CrazyArbalest's ghost but does no damage.
CrazyArbalest's ghost is severely damaged.
You die...

..#......### . ##.####...##
♣.###...#K.# .####..#⌠.##'##.
...........# . #....#........
....#.....h# ##. #.#.##........
.......[h#.# #.. #.#...#.......
.....##.[.># ♣.♣♣#.....+..._...
#....#.#.#W###♣♣.♣♣..#...#.......
##.....#.#....♣..P♣#.#.##........
#..#.....#.##W♣♣@♣ #.............
. #.##......h♣♣W♣ #....#⌠.##'.#.
.. #........#h###.#...#.#....#
.................#.#.....#...#.
♣.. ..........###.....##..#...#.
♣. .........♣#♣#♣...###..#####.
..................# #........
.........♣.♣.♣...###.#......
..............#....##...#####


You could see CrazyArbalest's ghost and a jackal.

Vanquished Creatures
  Crazy Yiuf (D:2)
  An orc wizard (D:3)
  Jessica (D:2)
  3 gnolls (D:2)
  2 adders (D:2)
  A giant mite (D:1)
  3 worms
  4 orcs (D:3)
  2 ball pythons
  8 bats
  4 giant cockroaches
  6 goblins
  8 hobgoblins
  4 jackals
  5 kobolds
  A giant newt (D:2)
  7 rats
61 creatures vanquished.

Vanquished Creatures (others)
  An orc wizard (D:3)
1 creature vanquished.

Grand Total: 62 creatures vanquished

Notes
Turn   | Place    | Note
--------------------------------------------------------------
     0 | D:1      | CrazyArbalest, the Centaur Hunter, began the quest for the Orb.
     0 | D:1      | Reached XP level 1. HP: 17/17 MP: 1/1
   381 | D:1      | Reached XP level 2. HP: 11/24 MP: 2/2
   846 | D:1      | Reached skill level 5 in Crossbows
  1078 | D:1      | Reached XP level 3. HP: 29/29 MP: 3/3
  1363 | D:2      | Reached skill level 1 in Armour
  1367 | D:2      | Reached XP level 4. HP: 17/37 MP: 3/3
  1683 | D:2      | Noticed Jessica
  1688 | D:2      | Killed Jessica
  1833 | D:2      | Noticed Crazy Yiuf
  1840 | D:2      | Killed Crazy Yiuf
  1937 | D:2      | Reached XP level 5. HP: 42/42 MP: 4/4
  2007 | D:2      | Reached skill level 6 in Crossbows
  2843 | D:3      | Found a shattered altar of Ashenzari.
  2993 | D:3      | Noticed CrazyArbalest's ghost (average CeHu)
  3048 | D:3      | Succumbed to CrazyArbalest's ghost's poison

Action                   |  1- 3 |  4- 6 || total
-------------------------+-------+-------++-------
Melee: Short sword       |   100 |    12 ||   112
       Spear             |       |   110 ||   110
 Fire: Hand crossbow     |    23 |    18 ||    41
  Eat: Chunk             |     1 |     4 ||     5
